Map: Disco Bloodbath LE

Players

ShenaniGans - Winner!

  • Race: Zerg Zerg
  • League: Diamond
  • Spawn Location: 3:00

Mez

  • Race: Terran Terran
  • League: Master
  • Spawn Location: 9:00

VOD

Have the link to the VOD?

Description

Time

  • Played on: Aug. 28, 2019, 11:33 p.m.
  • Length: 16:24
Show
View Real Time Build Order
Export as new Build Order

ShenaniGans Zerg - Winner!

Build Orders: Pool First 

Get SALT Encoding   

  12  0:00  Drone  
  13  0:08  Drone  
  14  0:19  Extractor  
  14  0:20  Extractor, Drone  
  14  0:21  Drone  
  14  0:27  Overlord  
  16  0:41  Spawning Pool  
  15  0:45  Drone  
  15  0:48  Drone  
  17  0:54  Drone  
  18  1:12  Hatchery  
  18  1:15  Extractor  
  18  1:17  Drone  
  17  1:28  Zergling x4  
  19  1:37  Drone  
  19  1:39  Queen  
  22  1:48  Overlord  
  22  2:06  Drone  
  23  2:10  Drone  
  24  2:16  Queen  
  24  2:20  Overlord  
  26  2:24  Drone  
  26  2:25  Metabolic Boost  
  27  2:31  Drone  
  27  2:35  Drone  
  29  2:42  Queen, Drone  
  31  2:49  Drone x4  
  34  2:55  Drone  
  34  2:57  Drone  
  36  3:03  Queen  
  38  3:06  Drone  
  38  3:09  Drone  
  40  3:17  Overlord  
  40  3:27  Hatchery  
  40  3:30  Drone  
  40  3:32  Drone  
  41  3:34  Drone  
  41  3:36  Drone x2  
  41  3:39  Drone  
  45  3:42  Drone  
  45  3:46  Overlord  
  46  3:49  Queen  
  46  3:51  Drone  
  49  3:57  Extractor  
  49  3:58  Evolution Chamber  
  49  3:59  Drone  
  49  4:01  Overlord  
  48  4:05  Drone x3  
  48  4:07  Drone  
  52  4:11  Drone x3  
  52  4:15  Lair  
  55  4:26  Roach Warren  
  54  4:33  Extractor  
  54  4:34  Extractor  
  54  4:35  Drone x5  
  54  4:37  Spore Crawler  
  54  4:38  Spore Crawler  
  55  4:45  Zerg Missile Weapons Level 1  
  55  4:50  Queen  
  55  4:52  Drone x6  
  63  4:54  Drone  
  63  4:57  Drone  
  63  4:58  Overlord  
  65  5:01  Drone  
  65  5:03  Drone  
  65  5:05  Overlord  
  67  5:07  Roach  
  67  5:11  Drone  
  67  5:13  Drone  
  67  5:14  Drone  
  69  5:22  Drone x2  
  69  5:24  Drone x3  
  69  5:26  Drone  
  75  5:34  Overlord, Drone  
  76  5:36  Drone  
  76  5:41  Drone x3  
  80  5:43  Glial Reconstitution  
  80  5:47  Evolution Chamber  
  80  5:49  Spore Crawler  
  78  5:52  Roach x2  
  78  5:54  Roach  
  84  6:00  Overlord, Baneling Nest  
  82  6:08  Roach x4  
  82  6:09  Drone  
  90  6:13  Drone x3  
  90  6:16  Drone x2  
  90  6:18  Drone  
  88  6:19  Drone  
  88  6:21  Drone  
  88  6:23  Drone  
  88  6:28  Drone  
  88  6:30  Drone x2  
  88  6:31  Overlord  
  91  6:41  Zerg Missile Weapons Level 2  
  91  6:42  Zerg Ground Armor Level 1  
  91  6:44  Centrifical Hooks  
  91  6:57  Drone x4, Extractor x2  
  91  6:58  Hatchery, Drone  
  91  7:00  Overseer  
  93  7:02  Drone x4  
  93  7:03  Drone  
  93  7:04  Drone  
  93  7:06  Overlord  
  99  7:08  Drone x2  
  99  7:11  Drone x2  
  99  7:13  Drone  
  99  7:15  Drone x3  
  107  7:18  Overlord  
  107  7:33  Zergling x16  
  107  7:35  Overlord  
  115  7:39  Spore Crawler  
  115  7:40  Drone x4  
  115  7:41  Spore Crawler  
  117  7:50  Roach x5  
  127  7:52  Overlord  
  127  8:05  Infestation Pit, Zergling x8  
  131  8:06  Overlord  
  131  8:10  Hatchery  
  127  8:14  Drone x5  
  127  8:18  Queen  
  130  8:22  Zergling x4  
  132  8:31  Ravager x3  
  135  8:38  Zergling x10  
  135  8:41  Extractor  
  139  8:42  Extractor, Hive  
  139  8:43  Spire  
  137  8:51  Zerg Melee Weapons Level 1  
  137  8:56  Overlord, Zergling x20  
  137  8:57  Zerg Ground Armor Level 2  
  147  9:05  Baneling x5  
  147  9:06  Baneling x23  
  147  9:09  Queen  
  149  9:20  Zergling x16  
  149  9:21  Overlord  
  146  9:54  Zergling x32  
  146  9:57  Ultralisk Cavern  
  146  9:59  Baneling x9  
  153  10:00  Baneling x6  
  153  10:01  Baneling x6  
  153  10:02  Zergling x2  
  152  10:43  Overlord x2  
  152  10:44  Hatchery  
  152  10:45  Ultralisk x5  
  152  10:47  Zerg Melee Weapons Level 2  
  152  10:49  Baneling x4  
  181  10:50  Chitinous Plating, Baneling x5  
  181  11:02  Ravager x2, Drone x12  
  181  11:03  Ravager x2  
  197  11:05  Overlord  
  196  11:11  Zergling x2  
  196  11:15  Zerg Ground Armor Level 3  
  171  11:19  Ultralisk  
  171  11:22  Zergling x8  
  180  11:27  Zergling x8  
  169  11:35  Zergling x8  
  156  11:44  Zergling x4  
  149  11:54  Greater Spire  
  149  11:55  Corruptor x6  
  149  11:57  Zergling x16  
  169  12:12  Zergling x20  
  179  12:21  Ultralisk x2  
  191  12:34  Anabolic Synthesis  
  191  12:39  Zergling x16  
  199  12:57  Baneling x11  
  199  12:58  Baneling x9  
  199  13:01  Extractor  
  199  13:02  Extractor  
  197  13:08  Zerg Melee Weapons Level 3  
  191  13:14  Hatchery  
  191  13:16  Hatchery  
  189  13:22  Zergling x20  
  184  13:38  Zergling x24  
  183  13:45  Zergling x6  
  181  13:53  Zergling x4  
  150  14:00  Ultralisk x5  
  150  14:02  Queen x5  
  179  14:12  Zergling x16  
  177  14:18  Ultralisk x2  
  177  14:20  Zergling x2  
  188  14:26  Baneling x3  
  188  14:27  Baneling x5  
  188  14:34  Corruptor x2  
  188  14:37  Zergling x16  
  189  14:55  Zergling x10, Ultralisk  
  185  15:15  Corruptor x7  
  195  15:27  Zergling x18  
  185  15:45  Corruptor x7  
  187  15:59  Brood Lord  
  187  16:00  Brood Lord x3  
  174  16:12  Extractor  
Show
View Real Time Build Order
Export as new Build Order

Mez Terran 

Build Orders: Liberator Opening, Reaper Expand 

Get SALT Encoding   

  12  0:01  SCV  
  13  0:13  SCV  
  14  0:17  Supply Depot  
  14  0:25  SCV  
  15  0:38  SCV  
  15  0:42  Barracks  
  16  0:44  Refinery  
  16  0:50  SCV  
  17  1:02  SCV  
  18  1:15  SCV  
  19  1:30  Reaper  
  19  1:31  Orbital Command  
  20  1:42  Command Center  
  20  1:53  Supply Depot  
  20  1:57  SCV  
  21  2:02  Marine  
  22  2:09  SCV  
  23  2:17  Factory  
  23  2:21  SCV  
  24  2:24  Barracks Reactor  
  24  2:27  Refinery  
  22  2:42  SCV  
  22  2:54  SCV  
  23  3:14  SCV  
  23  3:15  Starport  
  23  3:17  Hellion, Barracks Tech Lab  
  23  3:18  Hellion  
  28  3:26  Orbital Command  
  28  3:30  SCV  
  28  3:33  Supply Depot  
  29  3:35  Liberator  
  29  3:37  Marine  
  29  3:40  Hellion  
  29  3:41  Hellion  
  34  3:42  SCV  
  34  3:53  Stimpack  
  34  3:54  SCV  
  34  3:55  SCV  
  39  4:02  Hellion x2  
  43  4:08  Supply Depot  
  43  4:10  SCV x2  
  43  4:12  Marine  
  46  4:22  SCV x2  
  48  4:34  Factory Tech Lab, SCV x2  
  50  4:46  SCV x2, Factory Reactor  
  50  4:47  Marine, Starport Reactor  
  50  4:48  Barracks  
  50  4:50  Barracks  
  53  4:58  SCV  
  53  4:59  SCV  
  55  5:01  Command Center  
  55  5:05  Marine, Supply Depot  
  56  5:10  SCV  
  56  5:11  SCV  
  58  5:14  Engineering Bay  
  58  5:15  Engineering Bay  
  58  5:22  SCV  
  58  5:23  SCV  
  58  5:27  Marine, Medivac x2  
  65  5:33  Factory Tech Lab  
  65  5:35  SCV x2  
  67  5:39  Marine x2, Combat Shield  
  69  5:44  Marine  
  69  5:45  Supply Depot  
  70  5:57  Supply Depot  
  70  6:04  Refinery  
  70  6:05  Refinery  
  70  6:06  Marine x3, Siege Tank, SCV x2  
  78  6:11  Marine x2  
  75  6:19  SCV x2  
  75  6:24  Marine  
  75  6:25  Marine x2  
  74  6:29  Marine  
  74  6:31  SCV x2, Terran Infantry Armor Level 1, Terran Infantry Weapons Level 1  
  73  6:35  Supply Depot  
  73  6:36  Supply Depot  
  73  6:37  Orbital Command  
  73  6:43  SCV x2  
  75  6:48  Siege Tank  
  75  6:49  Marine x5  
  75  6:52  Medivac x2  
  87  6:55  SCV x2  
  89  7:07  SCV x2  
  89  7:08  Supply Depot  
  91  7:13  Supply Depot  
  81  7:15  Supply Depot  
  81  7:16  Marine x5  
  81  7:21  SCV x2  
  81  7:22  Siege Tank, Barracks  
  91  7:23  Barracks  
  91  7:34  Marine x5  
  91  7:35  SCV  
  97  7:40  SCV x2, Armory  
  97  7:43  Refinery  
  99  7:48  SCV, Supply Depot  
  99  7:51  Supply Depot  
  99  7:52  Marine x5, SCV x2, Supply Depot  
  104  8:02  Siege Tank  
  104  8:03  Medivac x2  
  111  8:08  Factory  
  111  8:09  Marine  
  111  8:10  Marine  
  112  8:17  Marine  
  112  8:18  Marine  
  112  8:20  Barracks Reactor x2  
  112  8:21  SCV x3  
  112  8:26  Refinery  
  115  8:28  Supply Depot  
  115  8:29  Supply Depot  
  115  8:31  Supply Depot  
  115  8:35  Medivac x2  
  118  8:50  Marine x5  
  118  8:51  Siege Tank  
  118  8:52  SCV x2  
  118  8:54  Factory Tech Lab  
  128  8:56  Marine  
  128  8:57  Marine x3  
  128  8:58  Command Center  
  128  9:01  Barracks  
  128  9:02  Barracks  
  132  9:03  SCV, Barracks  
  132  9:04  SCV, Supply Depot  
  132  9:05  Supply Depot  
  132  9:07  Marine  
  132  9:08  Marine x4  
  139  9:14  Marine, Siege Tank  
  139  9:16  Terran Infantry Weapons Level 2  
  143  9:17  Terran Infantry Armor Level 2  
  143  9:23  Siege Tank  
  146  9:26  Marine x4  
  146  9:27  Marine x4  
  154  9:32  Marine  
  155  9:44  Marine x6  
  162  9:46  Siege Tank  
  158  9:55  Siege Tank  
  158  9:56  Marine  
  158  9:59  Barracks Tech Lab x3  
  160  10:13  Marine  
  160  10:14  Marine x7, Marauder  
  163  10:16  Medivac  
  163  10:17  Medivac  
  174  10:30  Siege Tank  
  174  10:31  Siege Tank  
  174  10:33  Concussive Shells  
  174  10:34  Marine x5, Marauder x3  
  193  10:35  Marauder  
  193  10:37  Planetary Fortress  
  193  10:57  Marauder  
  195  11:16  Marine  
  195  11:17  Marauder  
  157  11:20  Marauder  
  157  11:22  Marine  
  157  11:23  Marine x6, Marauder x2  
  157  11:24  Siege Tank x2, Medivac x2  
  180  11:28  Starport  
  180  11:29  Starport, Fusion Core  
  149  11:34  Marine  
  149  11:37  Liberator  
  149  11:38  Marauder  
  136  11:40  Marine x4  
  136  11:41  Marine  
  136  11:42  Marauder  
  136  11:44  Marauder x2  
  136  11:57  Command Center  
  136  11:58  Refinery  
  136  11:59  Marauder, Refinery  
  141  12:03  Marauder  
  141  12:05  Marauder  
  145  12:16  Sensor Tower  
  145  12:19  Terran Infantry Weapons Level 3  
  145  12:22  Sensor Tower  
  145  12:23  Starport Reactor, Starport Tech Lab  
  145  12:36  Liberator x3  
  145  12:43  Marauder x2  
  158  13:08  Command Center  
  158  13:11  Liberator x2  
  143  13:19  Liberator x2, Missile Turret  
  142  13:22  Marine x6, Marauder x4, Missile Turret x2  
  142  13:23  Marine  
  157  13:32  Marine  
  147  13:36  Liberator  
  147  13:40  Marine x7  
  151  13:43  Marauder x2  
  136  13:52  Marine, Marauder x2  
  136  13:53  Liberator x2  
  129  13:57  Marine  
  129  13:58  Marine  
  120  14:05  Marauder x2  
  120  14:06  Marine  
  120  14:07  Command Center  
  125  14:14  Marauder  
  129  14:17  Planetary Fortress  
  129  14:19  SCV x2  
  131  14:37  Marine x3, Marauder  
  131  14:38  Marauder  
  121  14:53  Marine x2, Siege Tank x2  
  121  14:54  Marine x5  
  120  15:04  Marine x2  
  120  15:05  Marine x3  
  123  15:11  Marine x2  
  99  15:25  Cyclone  
  96  15:29  Marine, Marauder x3  
  96  15:33  Marine x2  
  96  15:34  Marauder  
  75  15:44  Marine x3  
  67  15:51  Marauder x2  
  62  16:05  Marine x7  
Tags
 
Add a new tag
Caveats
  • Supply blocks, unpowered buildings, or Contaminate may cause inaccurate times.
  • Supply counts are checked every 10 seconds.